[Event "Titled Tuesday Blitz October 25 Early 2022"]
[White "Maghsoodloo, Parham"]
[Black "Rohith Krishna S"]
[WhiteFideId "12539929"]
[BlackFideId "46617051"]
[WhiteElo "2676"]
[BlackElo "2270"]
[Result "1-0"]
[Round "07"]
[TimeControl "180+1"]
[Date "2022.10.25"]
[WhiteClock "0:00:06"]
[BlackClock "0:00:30"]

1. d4 Nf6 2. c4 e6 3. Nf3 d5 4. g3 Be7 5. Bg2 dxc4 6. O-O Nc6 7. Bg5 O-O 8. e3 Rb8 9. a4 Na5 10. Nbd2 b6 11. Ne5 Ba6 12. Qc2 Nd7 13. Bxe7 Qxe7 14. Nexc4 Nxc4 15. Nxc4 c5 16. a5 cxd4 17. axb6 Bxc4 18. Qxc4 Nxb6 19. Qxd4 Rfd8 20. Qg4 Nd5 21. Qe2 Qb4 22. Bxd5 Rxd5 23. Rxa7 g6 24. Rb1 Qb3 25. Rc7 Rdb5 26. Qc2 Qxc2 27. Rxc2 Rb3 28. Kf1 h5 29. h4 Kg7 30. Ke2 R8b7 31. Kd2 Rd7+ 32. Ke2 Rdb7 33. Kd1 Rd7+ 34. Rd2 Rc7 35. Rc1 Rcb7 36. Rcc2 Ra7 37. Rc3 Ra1+ 38. Kc2 Rb7 39. b3 Rba7 40. b4 R1a2+ 41. Kd1 Ra1+ 42. Rc1 R1a3 43. Rb1 Rb7 44. b5 Ra5 45. b6 Ra6 46. Rdb2 Kf6 47. Kc2 Ke5 48. Kd3 Kd5 49. Rb5+ Kc6 50. Ke4 f6 51. f3 Raxb6 52. Rxb6+ Rxb6 53. Rxb6+ Kxb6 54. g4 Kc6 55. Kd4 Kd6 56. gxh5 gxh5 57. Kc4 Kc6 58. Kb4 Kb6 59. Kc4 Kc6 60. Kd4 Kd6 61. f4 e5+ 62. fxe5+ fxe5+ 63. Kc4 Kc6 64. e4 1-0


[Site "https://www.chess.com"]

[Event "Titled Tuesday Blitz October 25 Early 2022"]
[White "Martinez Alcantara, Jose Eduardo"]
[Black "Sanal, Vahap"]
[WhiteFideId "3805662"]
[BlackFideId "6300545"]
[WhiteElo "2703"]
[BlackElo "2574"]
[Result "1-0"]
[Round "07"]
[TimeControl "180+1"]
[Date "2022.10.25"]
[WhiteClock "0:00:05"]
[BlackClock "0:00:03"]

1. e4 e5 2. Nf3 Nc6 3. Bb5 Nf6 4. Qe2 Bc5 5. c3 O-O 6. d3 d5 7. Bg5 dxe4 8. dxe4 h6 9. Bh4 Qd6 10. Nbd2 Nh5 11. Bg3 Bg4 12. Bxc6 bxc6 13. Nc4 Qe6 14. Ncxe5 Rae8 15. Nxg4 Qxg4 16. Nd2 Qg6 17. O-O-O Kh8 18. Rhe1 Nxg3 19. fxg3 Rb8 20. Qc4 Be7 21. Nf3 Bd6 22. Nd4 Rb6 23. b3 Re8 24. Nf5 Be5 25. Kc2 a5 26. Rd7 Re6 27. Qc5 Kh7 28. Qf8 Bf6 29. Qxf7 Qxf7 30. Rxf7 a4 31. Rxc7 axb3+ 32. axb3 Ra6 33. Nd4 Re5 34. Rxc6 Ra2+ 35. Kd3 Rxg2 36. Re2 Rg1 37. b4 Re8 38. b5 Be5 39. Kc4 Rb1 40. Rc5 Rc1 41. Re3 Bf6 42. e5 Bg5 43. Re2 Be7 44. Rc6 Rd8 45. b6 Rb1 46. Nb5 Rb8 47. Rd2 Bg5 48. Rd7 Re8 49. b7 1-0


[Site "https://www.chess.com"]

[Event "Titled Tuesday Blitz October 25 Early 2022"]
[White "Matinian, Nikita"]
[Black "Madaminov, Mukhiddin"]
[WhiteFideId "24129100"]
[BlackFideId "14210703"]
[WhiteElo "2422"]
[BlackElo "2341"]
[Result "1-0"]
[Round "07"]
[TimeControl "180+1"]
[Date "2022.10.25"]
[WhiteClock "0:00:19"]
[BlackClock "0:00:05"]

1. e4 e5 2. Nf3 Nc6 3. Bb5 a6 4. Ba4 Nf6 5. d3 d6 6. c3 g6 7. O-O Bg7 8. d4 O-O 9. Nbd2 b5 10. Bb3 Bb7 11. Re1 h6 12. Nf1 Re8 13. Ng3 Na5 14. Bc2 c5 15. d5 Nc4 16. a4 Nd7 17. b3 Ncb6 18. a5 Nc8 19. h4 Ne7 20. h5 Kh7 21. Qd3 Rf8 22. Bd2 Rc8 23. c4 b4 24. hxg6+ fxg6 25. Kf1 Nf6 26. Ke2 Rc7 27. Rh1 Bc8 28. Rh4 Bg4 29. Rah1 h5 30. Ke1 Bxf3 31. gxf3 Neg8 32. Bg5 Bh6 33. f4 exf4 34. Nxh5 gxh5 35. e5+ Kh8 36. exf6 Qe8+ 37. Kf1 Rxf6 38. Rxh5 Kg7 39. Qh7+ Kf8 40. Qxc7 f3 41. Bd3 Qe5 42. Qd8+ Kf7 43. Qd7+ Kf8 44. Bxh6+ Nxh6 45. Rxe5 1-0


[Site "https://www.chess.com"]

[Event "Titled Tuesday Blitz October 25 Early 2022"]
[White "Matlakov, Maxim"]
[Black "Caruana, Fabiano"]
[WhiteFideId "4168003"]
[BlackFideId "2020009"]
[WhiteElo "2669"]
[BlackElo "2847"]
[Result "0-1"]
[Round "07"]
[TimeControl "180+1"]
[Date "2022.10.25"]
[WhiteClock "0:00:01"]
[BlackClock "0:00:10"]

1. Nf3 Nf6 2. g3 c5 3. Bg2 Nc6 4. O-O e5 5. e4 d6 6. d3 g6 7. c4 Bg7 8. Nc3 O-O 9. a3 a6 10. Rb1 Rb8 11. b4 cxb4 12. axb4 b5 13. cxb5 axb5 14. h3 h6 15. Be3 Be6 16. d4 Bc4 17. Re1 exd4 18. Nxd4 Ne5 19. f4 Nd3 20. Nc6 Qe8 21. Nxb8 Nxe1 22. Qxe1 Qxb8 23. Bd4 Re8 24. Qd2 Qc8 25. Rc1 Qe6 26. Re1 d5 27. e5 Ne4 28. Nxe4 dxe4 29. Bc5 Bd3 30. Bxe4 Bxe4 31. Rxe4 Qxh3 32. Qg2 Qg4 33. Rd4 h5 34. Kh2 h4 35. gxh4 Qxh4+ 36. Qh3 Qe1 37. Qf3 g5 38. Re4 Qh4+ 39. Kg2 Rd8 40. e6 fxe6 41. Rxe6 g4 42. Qb3 Kh8 43. Re2 Qh5 44. Qe3 Bf6 45. Re1 Qd5+ 46. Kg3 Kg7 47. Kxg4 Rh8 48. Rg1 Rh4+ 49. Kg3 Qf5 50. Kf2+ Kh7 51. Re1 Rh3 52. Kg1 Rxe3 53. Rxe3 Qxf4 54. Rh3+ Kg6 55. Be3 Qg4+ 56. Kh2 Be5+ 0-1


[Site "https://www.chess.com"]

[Event "Titled Tuesday Blitz October 25 Early 2022"]
[White "Molina, Roberto Junio Brito"]
[Black "Kamsky, Gata"]
[WhiteFideId "2109450"]
[BlackFideId "2000024"]
[WhiteElo "2388"]
[BlackElo "2666"]
[Result "0-1"]
[Round "07"]
[TimeControl "180+1"]
[Date "2022.10.25"]
[WhiteClock "0:00:34"]
[BlackClock "0:01:47"]

1. d4 Nf6 2. c4 c5 3. d5 e6 4. Nc3 exd5 5. cxd5 d6 6. e4 a6 7. a4 g6 8. h3 Bg7 9. Nf3 O-O 10. Bd3 Nbd7 11. O-O Re8 12. Bf4 Qc7 13. Re1 Rb8 14. Qd2 c4 15. Bc2 b5 16. axb5 axb5 17. e5 dxe5 18. d6 Qc5 19. Be3 Qc6 20. Ra7 Bb7 21. b4 Ra8 22. Rea1 Rxa7 23. Rxa7 Bf8 24. Ne1 Ra8 25. Rxa8 Bxa8 26. f4 Qxd6 27. Qxd6 Bxd6 28. fxe5 Nxe5 29. Nxb5 Bxb4 30. Bd4 Nfd7 31. Nc3 Nc6 0-1


[Site "https://www.chess.com"]

[Event "Titled Tuesday Blitz October 25 Early 2022"]
[White "Ozen, Bahadir"]
[Black "Keymer, Vincent"]
[WhiteFideId "6337058"]
[BlackFideId "12940690"]
[WhiteElo "2503"]
[BlackElo "2600"]
[Result "0-1"]
[Round "07"]
[TimeControl "180+1"]
[Date "2022.10.25"]
[WhiteClock "0:00:02"]
[BlackClock "0:00:02"]

1. g3 d5 2. Bg2 c6 3. Nf3 Bg4 4. O-O Nd7 5. h3 Bh5 6. d3 Ngf6 7. Qe1 e5 8. e4 Bc5 9. Nbd2 O-O 10. a4 a5 11. Nh4 Re8 12. Nb3 Bb6 13. Be3 Nf8 14. Nf5 Bg6 15. Nh4 Bh5 16. Nf5 Bc7 17. c3 Ne6 18. Qd2 Qd7 19. Qc2 Rad8 20. Rae1 h6 21. f4 dxe4 22. dxe4 Qd3 23. Qxd3 Rxd3 24. fxe5 Bxe5 25. Nxa5 Ra8 26. Nxb7 Rxa4 27. g4 Bg6 28. Rd1 Rxd1 29. Rxd1 Ra2 30. Nbd6 Rxb2 31. Nc4 Rb5 32. Nxe5 Rxe5 33. Ne7+ Kh7 34. Nxc6 Rb5 35. Nd4 Nxd4 36. Rxd4 Re5 37. Bf4 Re6 38. e5 Ng8 39. Bd5 Ra6 40. Kf2 Ne7 41. Bf3 Ra2+ 42. Kg3 Ra3 43. Rc4 Ra7 44. h4 Rd7 45. h5 Bc2 46. Rd4 Ra7 47. Rd2 Bb1 48. Rd1 Bc2 49. Rd2 Bb1 50. c4 Rc7 51. Rb2 Bd3 52. Rb3 Bxc4 53. Rc3 Rc8 54. Be4+ g6 55. Ra3 Be6 56. Ra7 Re8 57. hxg6+ Nxg6 58. Be3 Kg7 59. Ra5 Rd8 60. Bf5 Ne7 61. Be4 Bd5 62. Bf5 Be6 63. Be4 Rd7 64. Bc5 Nd5 65. Bd6 Nb6 66. Bf3 Nc4 67. Ra6 Rd8 68. Kf4 Rc8 69. Ra7 Nb6 70. Rb7 Nd5+ 71. Bxd5 Bxd5 72. Rb4 Rc2 73. Kg3 Rc3+ 74. Kh4 Bg2 75. g5 h5 76. g6 Kxg6 0-1


[Site "https://www.chess.com"]

[Event "Titled Tuesday Blitz October 25 Early 2022"]
[White "Paravyan, David"]
[Black "Kovalev, Vladislav"]
[WhiteFideId "4194985"]
[BlackFideId "13504398"]
[WhiteElo "2555"]
[BlackElo "2556"]
[Result "1-0"]
[Round "07"]
[TimeControl "180+1"]
[Date "2022.10.25"]
[WhiteClock "0:01:27"]
[BlackClock "0:00:01"]

1. e4 e5 2. Nf3 Nc6 3. Nc3 Nf6 4. d4 exd4 5. Nxd4 Bb4 6. Nxc6 bxc6 7. Bd3 O-O 8. O-O d5 9. exd5 cxd5 10. h3 c6 11. Qf3 Rb8 12. Bg5 h6 13. Bxh6 gxh6 14. Qg3+ Kh8 15. Qxb8 Bd6 16. Qxa7 c5 17. Nb5 Bxh3 18. Nxd6 Qxd6 19. f4 Bxg2 20. Kxg2 Rg8+ 21. Kf3 Qe6 22. Qxc5 Qh3+ 23. Ke2 Re8+ 24. Kd1 Qg4+ 25. Kc1 1-0


[Site "https://www.chess.com"]

[Event "Titled Tuesday Blitz October 25 Early 2022"]
[White "Pranav, V"]
[Black "Peyrer, Konstantin"]
[WhiteFideId "25060783"]
[BlackFideId "1640879"]
[WhiteElo "2430"]
[BlackElo "2415"]
[Result "1-0"]
[Round "07"]
[TimeControl "180+1"]
[Date "2022.10.25"]
[WhiteClock "0:00:21"]
[BlackClock "0:00:02"]

1. e4 c6 2. Nc3 d5 3. Nf3 dxe4 4. Nxe4 Nf6 5. Qe2 Nxe4 6. Qxe4 Nd7 7. d4 Nf6 8. Qd3 g6 9. Bf4 Bg7 10. O-O-O Bf5 11. Qe2 Qa5 12. Kb1 O-O 13. Ne5 Nd5 14. Bd2 Qa4 15. Qc4 Qxc4 16. Bxc4 Rfd8 17. Rhe1 Kf8 18. a3 Be6 19. Bb3 a5 20. h4 Nc7 21. Bxe6 Nxe6 22. c3 c5 23. dxc5 Nxc5 24. Be3 Bxe5 25. Bxc5 Bf6 26. g3 Rdc8 27. Rd5 Ra6 28. a4 Rac6 29. Ba3 b6 30. Rd7 Ke8 31. Rb7 R8c7 32. Rb8+ Rc8 33. Rxc8+ Rxc8 34. Kc2 Kd7 35. Rd1+ Kc6 36. Kb3 h5 37. Kc4 Rc7 38. Rd8 b5+ 39. axb5+ Kb6+ 40. Kb3 Kxb5 41. Rb8+ Kc6 42. Ka4 Rd7 43. Kxa5 Rd2 44. Rb6+ Kc7 45. Bc5 Rd5 46. Kb5 e6 47. Ra6 Kb8 48. Kc6 Be5 49. f4 Bc7 50. b4 Rd3 51. Ba7+ Kc8 52. Bd4 1-0


[Site "https://www.chess.com"]

[Event "Titled Tuesday Blitz October 25 Early 2022"]
[White "Pultinevicius, Paulius"]
[Black "Shankland, Sam"]
[WhiteFideId "12809390"]
[BlackFideId "2004887"]
[WhiteElo "2500"]
[BlackElo "2612"]
[Result "0-1"]
[Round "07"]
[TimeControl "180+1"]
[Date "2022.10.25"]
[WhiteClock "0:00:10"]
[BlackClock "0:00:54"]

1. d4 d5 2. c4 c6 3. Nf3 Nf6 4. Qc2 dxc4 5. Qxc4 Bf5 6. g3 e6 7. Bg2 Be7 8. O-O O-O 9. e3 Nbd7 10. Qe2 Bg6 11. b3 a5 12. Nc3 Nd5 13. Bb2 Nxc3 14. Bxc3 a4 15. b4 a3 16. b5 Be4 17. Nd2 Bxg2 18. Kxg2 Nb6 19. bxc6 Qd5+ 20. e4 Qxc6 21. Rfc1 Qd7 22. Rab1 Na4 23. Ba1 Rfc8 24. Nc4 f6 25. Qg4 b5 26. Ne3 b4 27. d5 Kf7 28. dxe6+ Qxe6 29. Nf5 Bf8 30. Rxc8 Rxc8 31. Rd1 Nc5 32. Kg1 g6 33. Qh4 gxf5 34. Qxh7+ Bg7 35. exf5 Qe2 36. Qg6+ Kf8 37. Rc1 Qd2 38. Bxf6 Qxc1+ 39. Kg2 Bxf6 40. Qxf6+ Ke8 41. Qe5+ Kd7 42. f6 Qc4 43. Qf5+ Qe6 44. Qh7+ Kc6 0-1


[Site "https://www.chess.com"]

[Event "Titled Tuesday Blitz October 25 Early 2022"]
[White "Rozman, Levy"]
[Black "Beerdsen, Thomas"]
[WhiteFideId "2039877"]
[BlackFideId "1030108"]
[WhiteElo "2376"]
[BlackElo "2567"]
[Result "0-1"]
[Round "07"]
[TimeControl "180+1"]
[Date "2022.10.25"]
[WhiteClock "0:01:12"]
[BlackClock "0:01:51"]

1. d4 d5 2. Bg5 Nf6 3. Nd2 c5 4. e3 Nc6 5. c3 h6 6. Bxf6 gxf6 7. Qh5 e6 8. O-O-O Bd7 9. Ngf3 Qa5 10. Kb1 b5 11. Nb3 Qa4 12. dxc5 b4 13. Qh4 Be7 14. c4 O-O-O 15. cxd5 exd5 16. Bd3 Rhg8 17. g3 Bg4 18. Be2 Bf5+ 19. Bd3 Bg4 20. h3 Bxf3 21. Bf5+ Kb7 0-1


[Site "https://www.chess.com"]

[Event "Titled Tuesday Blitz October 25 Early 2022"]
[White "Sarana, Alexey"]
[Black "Aitbayev, Aslan"]
[WhiteFideId "24133795"]
[BlackFideId "13704613"]
[WhiteElo "2689"]
[BlackElo "2373"]
[Result "1-0"]
[Round "07"]
[TimeControl "180+1"]
[Date "2022.10.25"]
[WhiteClock "0:00:02"]
[BlackClock "0:00:01"]

1. c4 e5 2. Nc3 Bb4 3. Nd5 Be7 4. d4 exd4 5. Qxd4 Nf6 6. Nxe7 Qxe7 7. Bg5 Nc6 8. Qc3 Ne4 9. Bxe7 Nxc3 10. Ba3 Ne4 11. f3 Nf6 12. e4 d6 13. Ne2 Be6 14. Nf4 Ne5 15. Rc1 b6 16. Nd5 Rc8 17. Be2 Nfd7 18. Kf2 a5 19. Rhd1 g5 20. b3 f6 21. g3 Rg8 22. Ke3 Kf7 23. Rd2 Nc5 24. Rcd1 f5 25. exf5 Bxf5 26. Kf2 Rge8 27. Ne3 Bg6 28. h3 Re7 29. Bb2 Ree8 30. Rd5 Kg8 31. Bxe5 Rxe5 32. Rxe5 dxe5 33. Ng4 e4 34. f4 gxf4 35. gxf4 Bf5 36. Rd5 Be6 37. Rd4 Kf8 38. Ne3 Ke7 39. Bg4 Rf8 40. Kg3 Bf7 41. f5 Kf6 42. Kf4 Re8 43. Be2 h6 44. Ng4+ Kg7 45. Ne5 Bg8 46. h4 Rf8 47. Bh5 Be6 48. Bg4 Bc8 49. Rd5 Re8 50. Bh3 Kf6 51. Ng4+ Kg7 52. f6+ Kf8 53. Rh5 Bxg4 54. Bxg4 e3 55. Be2 1-0


[Site "https://www.chess.com"]

[Event "Titled Tuesday Blitz October 25 Early 2022"]
[White "Seliverstov, Vladimir"]
[Black "Krysa, Leandro"]
[WhiteFideId "4192036"]
[BlackFideId "116807"]
[WhiteElo "2489"]
[BlackElo "2486"]
[Result "1-0"]
[Round "07"]
[TimeControl "180+1"]
[Date "2022.10.25"]
[WhiteClock "0:00:32"]
[BlackClock "0:00:05"]

1. d4 g6 2. c4 Bg7 3. g3 c5 4. d5 b5 5. cxb5 a6 6. bxa6 Bxa6 7. Bg2 d6 8. Nf3 Nf6 9. O-O Nbd7 10. Re1 O-O 11. e4 Ng4 12. Bf1 Bxf1 13. Kxf1 Qa5 14. Kg2 Rfb8 15. Qc2 Nge5 16. Bd2 Qa6 17. Nxe5 Nxe5 18. Bc3 Qd3 19. Qxd3 Nxd3 20. Re2 Nc1 21. Re3 Nb3 22. Bxg7 Nxa1 23. Bc3 Rxa2 24. Na3 Nb3 25. e5 Nd4 26. exd6 exd6 27. Nc4 Nf5 28. Re4 h5 29. h3 Ra4 30. Nxd6 Rxe4 31. Nxe4 Rd8 32. g4 hxg4 33. hxg4 Nd4 34. b4 Kf8 35. bxc5 Rxd5 36. Nf6 Ne2 37. Nxd5 1-0


[Site "https://www.chess.com"]

[Event "Titled Tuesday Blitz October 25 Early 2022"]
[White "Sokolovsky, Yahli"]
[Black "Svane, Rasmus"]
[WhiteFideId "2820242"]
[BlackFideId "4657101"]
[WhiteElo "2316"]
[BlackElo "2674"]
[Result "0-1"]
[Round "07"]
[TimeControl "180+1"]
[Date "2022.10.25"]
[WhiteClock "0:00:56"]
[BlackClock "0:01:33"]

1. b3 d5 2. Bb2 Bf5 3. Nf3 e6 4. d4 Nf6 5. e3 Bd6 6. Bd3 O-O 7. O-O c6 8. c4 Nbd7 9. Qc2 Bxd3 10. Qxd3 Ne4 11. Nfd2 f5 12. f4 g5 13. Ba3 Bxa3 14. Nxa3 Qe7 15. Nc2 Rf7 16. Ne1 Raf8 17. Nef3 Rg7 18. fxg5 Nxg5 19. Nxg5 Qxg5 20. Rf2 Nf6 21. Nf3 Qh6 22. cxd5 cxd5 23. Rc1 Kh8 24. Rfc2 Ng4 25. Rc8 Rxc8 26. Rxc8+ Rg8 27. Rc3 Qg7 28. Qc2 b5 29. b4 a6 30. h3 Nf6 31. Rc7 Qg3 32. Qf2 Qxc7 0-1


[Site "https://www.chess.com"]

[Event "Titled Tuesday Blitz October 25 Early 2022"]
[White "Vachylia, Andrii"]
[Black "Kollars, Dmitrij"]
[WhiteFideId "14137224"]
[BlackFideId "12909572"]
[WhiteElo "2318"]
[BlackElo "2584"]
[Result "0-1"]
[Round "07"]
[TimeControl "180+1"]
[Date "2022.10.25"]
[WhiteClock "0:00:31"]
[BlackClock "0:01:27"]

1. e4 c5 2. Nf3 d6 3. d4 cxd4 4. Nxd4 Nf6 5. Nc3 Nc6 6. Bg5 e6 7. Qd2 a6 8. O-O-O Bd7 9. f4 Be7 10. Nf3 b5 11. Bxf6 gxf6 12. Kb1 b4 13. Ne2 a5 14. f5 Qb6 15. Nf4 Qc5 16. g3 Ne5 17. Nd4 exf5 18. exf5 Rc8 19. Bg2 h5 20. Nd5 Bd8 21. Rhe1 Kf8 22. Nb3 Qa7 23. Nxf6 Bxf6 24. Qxd6+ Kg7 25. Rxe5 Rhd8 26. Rxa5 Qf2 27. Qd2 Bxf5 28. Qxf2 Rxd1+ 29. Nc1 Bg5 30. a4 b3 0-1


[Site "https://www.chess.com"]

[Event "Titled Tuesday Blitz October 25 Early 2022"]
[White "Volkov, Maksim"]
[Black "Gharibyan, Mamikon"]
[WhiteFideId "54123070"]
[BlackFideId "13308300"]
[WhiteElo "2257"]
[BlackElo "2378"]
[Result "0-1"]
[Round "07"]
[TimeControl "180+1"]
[Date "2022.10.25"]
[WhiteClock "0:00:04"]
[BlackClock "0:00:17"]

1. d4 g6 2. c4 Bg7 3. Nf3 c5 4. d5 d6 5. g3 Nf6 6. Nc3 O-O 7. Bg2 a6 8. a4 e6 9. O-O exd5 10. cxd5 Re8 11. Bf4 Qc7 12. Nd2 Nh5 13. Nc4 Nxf4 14. gxf4 Nd7 15. a5 b5 16. axb6 Nxb6 17. Na5 Bd7 18. Re1 Rab8 19. e4 Bb5 20. Nxb5 axb5 21. e5 Nc4 22. Nc6 dxe5 23. Nxb8 Qxb8 24. b3 Nd6 25. fxe5 Bxe5 26. Ra6 c4 27. bxc4 bxc4 28. Rc6 c3 29. Kh1 Kg7 30. Qc1 Qb4 31. Qc2 Qf4 32. Kg1 Qxh2+ 33. Kf1 Rb8 34. Qe2 Bf6 35. Qa6 Nf5 36. d6 Rb2 37. d7 Ng3+ 0-1


[Site "https://www.chess.com"]

[Event "Titled Tuesday Blitz October 25 Early 2022"]
[White "Wieczorek, Oskar"]
[Black "Deac, Bogdan-Daniel"]
[WhiteFideId "1133950"]
[BlackFideId "1226380"]
[WhiteElo "2404"]
[BlackElo "2648"]
[Result "0-1"]
[Round "07"]
[TimeControl "180+1"]
[Date "2022.10.25"]
[WhiteClock "0:00:59"]
[BlackClock "0:00:24"]

1. e4 c6 2. d4 d5 3. Nd2 dxe4 4. Nxe4 Bf5 5. Ng3 Bg6 6. c3 Nd7 7. Nh3 e6 8. Nf4 Bd6 9. h4 Ne7 10. h5 Bf5 11. h6 g6 12. Bc4 Qc7 13. Qf3 O-O-O 14. Ne4 Bxe4 15. Qxe4 e5 16. dxe5 Nxe5 17. O-O Rhe8 18. Bb3 Nf5 19. Qa4 Bc5 20. Bc2 Ng4 21. Bxf5+ gxf5 22. Qc2 Re4 23. Nh3 Qh2# 0-1


[Site "https://www.chess.com"]

[Event "Titled Tuesday Blitz October 25 Early 2022"]
[White "Zhigalko, Sergei"]
[Black "Postny, Evgeny"]
[WhiteFideId "13502956"]
[BlackFideId "2804344"]
[WhiteElo "2662"]
[BlackElo "2473"]
[Result "1/2-1/2"]
[Round "07"]
[TimeControl "180+1"]
[Date "2022.10.25"]
[WhiteClock "0:01:28"]
[BlackClock "0:01:55"]

1. e4 e5 2. Nf3 Nc6 3. Bb5 a6 4. Ba4 Nf6 5. O-O Be7 6. Re1 b5 7. Bb3 d6 8. c3 Na5 9. Bc2 c5 10. d4 Qc7 11. Nbd2 O-O 12. h3 Be6 13. d5 Bd7 14. b3 c4 15. b4 Nb7 16. a4 Rfb8 17. a5 Ne8 18. Nf1 g6 19. g4 f6 20. Ng3 Nd8 21. Be3 Nf7 22. Qd2 Ng7 23. Kf1 h5 24. Nh2 h4 25. Ne2 g5 26. f3 Nh8 27. Ng1 Ng6 28. Ke2 Rf8 29. Kd1 Bd8 30. Kc1 Qc8 31. Kb2 Bc7 32. Rf1 Bb8 33. Rae1 1/2-1/2


[Site "https://www.chess.com"]

[Event "Titled Tuesday Blitz October 25 Early 2022"]
[White "Csonka, Balazs"]
[Black "Firouzja, Alireza"]
[WhiteFideId "742910"]
[BlackFideId "12573981"]
[WhiteElo "2404"]
[BlackElo "2903"]
[Result "0-1"]
[Round "08"]
[TimeControl "180+1"]
[Date "2022.10.25"]
[WhiteClock "0:00:03"]
[BlackClock "0:02:50"]

1. d4 Nf6 2. c4 g6 3. Nc3 d6 4. e4 Bg7 5. h3 O-O 6. Be3 e5 7. d5 Nbd7 8. g4 Nc5 9. f3 c6 10. Nge2 a5 11. Qd2 h5 12. O-O-O a4 13. dxc6 Ne6 14. Qxd6 Qa5 15. cxb7 Bxb7 16. Qb6 Qxb6 17. Bxb6 Rfc8 18. Nd5 Bxd5 19. exd5 Nc5 20. Nc3 e4 21. Bxc5 Rxc5 22. Nxe4 Nxe4 23. fxe4 Rb8 24. Rh2 Be5 25. Rc2 hxg4 26. hxg4 Bd6 27. Bd3 Kg7 28. Rc3 Be5 29. Kc2 Kh6 30. Rb1 Kg5 31. b4 axb3+ 32. axb3 Ra5 33. b4 Ra2+ 34. Kb3 Rba8 35. b5 R8a3+ 36. Kb4 Rxc3 37. Bf1 Ra8 38. b6 Rc8 39. Kb5 Ra3 40. c5 Rb8 41. c6 Bc7 42. b7 Kf6 43. Rd1 Ke7 44. Bc4 Re3 45. Rf1 Rxe4 46. d6+ Kxd6 47. Rxf7 Re5+ 48. Ka4 Kxc6 49. Rf6+ Kxb7 50. Rxg6 Ra8+ 51. Kb3 Rd8 52. Kc3 Rd6 53. Rg7 Kb6 54. g5 Bd8 55. g6 Bf6 56. Rf7 Re7+ 57. Kb3 Rxf7 58. Bxf7 Bg7 59. Kc4 Rd4+ 60. Kb3 Kc5 61. Kc2 Kb4 62. Be8 Bh6 63. Bf7 Rd2+ 64. Kb1 Kc3 0-1


[Site "https://www.chess.com"]

[Event "Titled Tuesday Blitz October 25 Early 2022"]
[White "Dardha, Daniel"]
[Black "Fernandez Guillen, Ernesto J."]
[WhiteFideId "240990"]
[BlackFideId "3512428"]
[WhiteElo "2528"]
[BlackElo "2422"]
[Result "1-0"]
[Round "08"]
[TimeControl "180+1"]
[Date "2022.10.25"]
[WhiteClock "0:00:02"]
[BlackClock "0:00:05"]

1. e4 e5 2. Nf3 Nc6 3. Bc4 g6 4. d4 exd4 5. c3 d3 6. O-O Bg7 7. Bxd3 Nge7 8. c4 d6 9. Nc3 O-O 10. Bg5 h6 11. Be3 f5 12. Qd2 Kh7 13. Nd5 fxe4 14. Bxe4 Nf5 15. Bf4 Nh4 16. Nxh4 Qxh4 17. Rfe1 Ne5 18. Bg3 Qd8 19. Rac1 Bf5 20. Bxf5 Rxf5 21. Qc2 Rf7 22. Rcd1 c6 23. Nf4 Qf6 24. Nh5 Qf5 25. Qxf5 Rxf5 26. Nxg7 Kxg7 27. Rxd6 Nxc4 28. Rd7+ Rf7 29. Ree7 Rxe7 30. Rxe7+ Kf6 31. Rxb7 Rd8 32. h3 Rd1+ 33. Kh2 Nd2 34. h4 g5 35. hxg5+ hxg5 36. Kh3 Ne4 37. Kg4 Rd4 38. Kf3 Nc5 39. Rxa7 Rd2 40. Bc7 Kf5 41. Ke3 Rxb2 42. Ra5 Rb5 43. Rxb5 cxb5 44. Bd6 Ne4 45. Bb4 g4 46. Be1 Ke5 47. f3 gxf3 48. gxf3 Nc5 49. Bb4 Ne6 50. Ba3 Kd5 51. Bc1 Kc4 52. Ke4 Nd4 53. f4 Ne2 54. Bb2 b4 55. Ke3 Ng3 56. Kf3 Nf5 57. Be5 Kd3 58. Kg4 Ne3+ 59. Kg5 Kc2 60. Bd6 Nd5 61. f5 b3 62. axb3 Kxb3 63. Be5 Kc4 64. f6 Kc5 65. f7 1-0


[Site "https://www.chess.com"]

[Event "Titled Tuesday Blitz October 25 Early 2022"]
[White "Deac, Bogdan-Daniel"]
[Black "Zou, Chen"]
[WhiteFideId "1226380"]
[BlackFideId "8610959"]
[WhiteElo "2648"]
[BlackElo "2325"]
[Result "1-0"]
[Round "08"]
[TimeControl "180+1"]
[Date "2022.10.25"]
[WhiteClock "0:00:05"]
[BlackClock "0:00:54"]

1. Nf3 Nf6 2. c4 e6 3. g3 d5 4. Bg2 Be7 5. d4 O-O 6. Qd3 dxc4 7. Qxc4 c6 8. Bf4 Nbd7 9. O-O a6 10. Rd1 Nd5 11. Bd2 N7b6 12. Qc2 Bd7 13. e4 Nb4 14. Qb3 a5 15. a3 a4 16. Qc3 Na6 17. Be3 Rc8 18. Qc2 c5 19. d5 exd5 20. exd5 Bd6 21. Nc3 Re8 22. Ng5 g6 23. Nge4 Be5 24. d6 Nc4 25. Bg5 Qa5 26. Nd5 Nxb2 27. Nef6+ Kg7 28. Nxd7 Nxd1 29. Rxd1 Bxd6 30. Bf6+ Kg8 31. Bc3 Nb4 32. axb4 cxb4 33. N5f6+ Kh8 34. Nxe8+ Rxc3 35. Qd2 Be7 36. Qd4+ f6 37. Nexf6 Kg7 38. Nd5+ Kf7 39. Nxe7 b3 40. Qf6+ 1-0


[Site "https://www.chess.com"]

[Event "Titled Tuesday Blitz October 25 Early 2022"]
[White "Dubov, Daniil"]
[Black "Martinez Alcantara, Jose Eduardo"]
[WhiteFideId "24126055"]
[BlackFideId "3805662"]
[WhiteElo "2791"]
[BlackElo "2703"]
[Result "0-1"]
[Round "08"]
[TimeControl "180+1"]
[Date "2022.10.25"]
[WhiteClock "0:00:17"]
[BlackClock "0:00:07"]

1. d4 Nf6 2. Nf3 e6 3. g3 b6 4. Bg2 Bb7 5. c4 Bb4+ 6. Bd2 c5 7. O-O O-O 8. d5 Bxd2 9. Qxd2 exd5 10. Nh4 g6 11. cxd5 d6 12. Nc3 Nbd7 13. a4 a6 14. h3 Re8 15. Kh2 Rc8 16. f4 c4 17. e4 Nc5 18. Rae1 Nd3 19. Re2 Nd7 20. b3 Nb4 21. Nd1 a5 22. bxc4 Ba6 23. Ne3 Bxc4 24. Nxc4 Rxc4 25. e5 Rc2 26. Qd1 Rxe2 27. Qxe2 dxe5 28. f5 e4 29. fxg6 hxg6 30. Qf2 Ne5 31. Bxe4 Nxd5 32. Rd1 Qf6 33. Qd4 Nc3 34. Rd2 Ng4+ 35. hxg4 Qxd4 36. Rxd4 Rxe4 37. Rd6 Nxa4 38. g5 Re6 39. Rd8+ Kg7 40. Kh3 Nc5 41. Ng2 Ne4 42. Kh4 Re5 43. Rb8 b5 44. Nf4 Nxg5 45. Nd3 Rd5 46. Nf4 Rf5 47. Rb7 Nf3+ 48. Kg4 Ne5+ 49. Kh3 b4 50. Ne6+ Kh6 51. g4 Rf3+ 52. Kh4 g5+ 53. Nxg5 Ng6# 0-1


[Site "https://www.chess.com"]

[Event "Titled Tuesday Blitz October 25 Early 2022"]
[White "Eljanov, Pavel"]
[Black "Maghsoodloo, Parham"]
[WhiteFideId "14102951"]
[BlackFideId "12539929"]
[WhiteElo "2601"]
[BlackElo "2676"]
[Result "0-1"]
[Round "08"]
[TimeControl "180+1"]
[Date "2022.10.25"]
[WhiteClock "0:00:02"]
[BlackClock "0:00:23"]

1. c4 c5 2. g3 g6 3. Bg2 Bg7 4. Nc3 Nc6 5. Nf3 a6 6. O-O Rb8 7. b3 b5 8. Bb2 Nh6 9. d3 Nf5 10. e3 O-O 11. Qd2 d6 12. Nd5 e6 13. Bxg7 Nxg7 14. Nc3 e5 15. Nd5 f5 16. Qc3 Ne6 17. Nd2 Bb7 18. a3 Ne7 19. b4 Nxd5 20. cxd5 cxb4 21. axb4 Rc8 22. Qb2 Ng5 23. f4 Nf7 24. Nb3 Qb6 25. Rae1 Rfe8 26. d4 e4 27. g4 fxg4 28. h3 g3 29. h4 Nh6 30. Bh3 Nf5 31. h5 Bxd5 32. Nd2 Qd8 33. Bxf5 gxf5 34. Kg2 Re7 35. Rc1 Rec7 36. Rxc7 Qxc7 37. Kxg3 Qc2 38. Qxc2 Rxc2 39. Rf2 Rc3 40. Nf1 Bc4 41. Kh4 Bxf1 42. Rxf1 h6 43. Ra1 Rxe3 44. Rxa6 Rf3 45. Rxd6 e3 46. Re6 Kf7 47. Re5 Kf6 0-1


[Site "https://www.chess.com"]